 Dungeon Crawl Stone Soup version 0.24-a0-618-ge4662a2 (webtiles) character file.

Game seed: 18395771443432758215, levelgen mode: deterministic

142 BoppinsLewinski the Skirmisher (level 5, 0/43 HPs)
             Began as a Barachi Fighter on Sept 16, 2019.
             Slain by a phantom (5 damage)
             ... on level 5 of the Dungeon.
             The game lasted 00:05:13 (2018 turns).

BoppinsLewinski the Skirmisher (Barachi Fighter)    Turns: 2018, Time: 00:05:14

Health: 0/43       AC:  7    Str: 24    XL:     5   Next: 24%
Magic:  5/5        EV:  8    Int:  8    God:
Gold:   203        SH: 10    Dex: 11    Spells: 4/4 levels left

rFire    . . .     SeeInvis .   a - +0 flail
rCold    . . .     Gourm    +   c - +0 shield
rNeg     . . .     Faith    .   b - +0 scale mail
rPois    +         Spirit   .   (no helmet)
rElec    .         Reflect  .   (no cloak)
rCorr    .         Harm     .   (no gloves)
MR       .....                  (no boots)
Stlth    ..........             s - amulet of the gourmand
HPRegen  0.14/turn              l - ring of poison resistance
MPRegen  0.09/turn              (no ring)

@: mighty, flying, slow
A: +LOS, swims, slowness 1, strong legs 1
a: Hop


You were on level 5 of the Dungeon.
You were not hungry.

You visited 1 branch of the dungeon, and saw 5 of its levels.

You collected 203 gold pieces.

Inventory:

Hand Weapons
 a - a +0 flail (weapon)
Armour
 b - a +0 scale mail (worn)
 c - a +0 shield (worn)
Jewellery
 l - a ring of poison resistance (left hand)
 s - an amulet of the gourmand (around neck)
Scrolls
 h - a scroll of random uselessness {unknown}
 j - a scroll of magic mapping {unknown}
 m - a scroll of teleportation {unknown}
 o - a scroll of immolation {unknown}
 q - a scroll of remove curse {unknown}
Potions
 e - a potion of flight
 i - 2 potions of magic
 n - a potion of resistance {unknown}
 p - a potion of agility {unknown}
 r - a potion of haste {unknown}
Comestibles
 f - 3 rations


   Skills:
 + Level 4.3 Fighting
 * Level 3.7 Maces & Flails
 + Level 4.3 Armour
 + Level 1.9 Dodging
 + Level 3.9 Shields


You had 4 spell levels left.
You didn't know any spells.
Your spell library was empty.

Dungeon Overview and Level Annotations

Branches:
Dungeon (4/15)
 Temple: D:4-7

Altars:
Nemelex Xobeh

Annotations:
D:5 1 runed translucent door


Innate Abilities, Weirdness & Mutations

Shadows flee at your approach. (+LOS)
You can swim through water.
You cover ground slowly.
You can hop short distances.


Message History

Tha hound bites ye but does nay damage.
Ye block tha hound's attack.
Tha iguana bites ye but does nay damage.
Tha phantom barely misses ye.
Tha phantom hits ye but does nay damage.
Tha hound bites ye but does nay damage.
Ye see 'ere a jade rin'.
Ye closely miss tha hound.
Tha hound bites ye but does nay damage.
Tha hound barely misses ye.
Tha hound bites ye but does nay damage.
Unknown command.
Ye sock tha hound!
Ye kill tha hound!
Ye haf reached level 5!
Tha iguana bites ye!
* * * LOW HITPOINT WARNIN'
* * * Tha phantom closely misses ye.
Ye barely miss tha phantom.
Tha phantom be lightly damaged.
Ye block tha iguana's attack.
Tha phantom hits ye.
Ye die...

###.#..# #.......#....
.......####.......#....
........#............#
..........##...##....#
...........#..##....#
#...................#
###......>........#
##...............#..###
##.............l@# ...#
##.......#....W###..#
#.....####.........##
#.....###...#.......#
#......#.......$.....##
#...#8#................#
....#Y#.........#.....##
....#.#...#.......#####
... #.#...#....#..#


You could see a phantom and an iguana.

Vanquished Creatures
  A hound (D:5)
  An adder (D:3)
  An ooze (D:1)
  5 worms
  4 dart slugs
  3 leopard geckos
  2 orcs (D:3)
  A ball python (D:3)
  6 giant cockroaches
  9 goblins
  4 hobgoblins
  5 kobolds
  A quokka (D:2)
  7 bats
  8 frilled lizards
  20 rats
78 creatures vanquished.

Notes
Turn   | Place    | Note
-------+----------+-------------------------------------------
     0 | D:1      | BoppinsLewinski the Barachi Fighter began the quest for the
                  | Orb.
     0 | D:1      | Reached XP level 1. HP: 18/18 MP: 1/1
   135 | D:1      | Reached XP level 2. HP: 23/25 MP: 2/2
   238 | D:1      | Reached skill level 1 in Dodging
   243 | D:1      | Reached XP level 3. HP: 28/30 MP: 3/3
   801 | D:2      | Found a sparkling altar of Nemelex Xobeh.
   879 | D:2      | Reached XP level 4. HP: 33/37 MP: 4/4
  1954 | D:4      | You fall into a shaft and drop 1 floor!
  1954 | D:5      | Entered Level 5 of the Dungeon
  1966 | D:5      | Found a runed translucent door.
  1971 | D:5      | Noticed an ice beast
  1993 | D:5      | Noticed a phantom
  2017 | D:5      | Reached XP level 5. HP: 15/43 MP: 5/5
  2018 | D:5      | Slain by a phantom

Levels and vault maps discovered:
D:1:      erik_arrival_orb_chamber, layout_basic
D:2:      wander_river, layout_basic, nemelex_xobeh_ov_fountains_minmay,
          first_ration
D:3:      layout_rooms
D:4:      layout_loops_cross, minmay_temple_entry_proselytizer, minmay_rat_hole
D:5:      layout_cave_pools, ebering_ghost_sewer_f, lemuel_statue_altar

Skill      XL: |  1  2  3 |
---------------+----------+-----
Dodging        | 1 |  1.9
Fighting       | 4 |  4.3
Maces & Flails | 3 |  3.7
Armour         | 4 |  4.3
Shields        | |  3.9

Action                   |  1- 3 |  4- 6 || total
-------------------------+-------+-------++-------
Melee: Flail             |   138 |   103 ||   241
  Use: Scroll            |       |     4 ||     4
       Potion            |       |     3 ||     3
  Eat: Chunk             |       |     3 ||     3
       Ration            |       |     1 ||     1
Armor: Scale mail        |    73 |    46 ||   119
Dodge: Dodged            |    44 |    34 ||    78
Block: Shield            |    56 |    51 ||   107

Table legend:
 A = Non-vault XP
 B = Vault XP
 C = Vault XP percentage of total XP
 D = Non-vault monster count
 E = Vault monster count
 F = Vault count percentage of total count
                 A         B        C        D         E       F
            +---------+---------+-------+---------+---------+-------
      Total |     191 |      12 |   5.9 |      66 |      12 |  15.4
            +---------+---------+-------+---------+---------+-------
        D:1 |      39 |      12 |  23.5 |      22 |      12 |  35.3
        D:2 |      47 |       0 |   0.0 |      22 |       0 |   0.0
        D:3 |      62 |       0 |   0.0 |      20 |       0 |   0.0
        D:5 |      43 |       0 |   0.0 |       2 |       0 |   0.0
            +---------+---------+-------+---------+---------+-------
